 Dungeon Crawl Stone Soup version 0.26.1-11-gd32895ea62 (webtiles) character file.

Game seed: 94727036452617464

158 MajorAdolf the Grave Robber (level 5, -2/44 HPs)
             Began as a Naga Wanderer on July 22, 2021.
             Killed by nerve-wracking pain
             ... invoked by an orc priest
              (4 damage)
             ... on level 3 of the Dungeon.
             The game lasted 00:03:51 (4274 turns).

MajorAdolf the Grave Robber (Naga Wanderer)         Turns: 4274, Time: 00:03:52

Health: -2/44      AC:  3    Str: 12    XL:     5   Next: 40%
Magic:  9/9        EV:  9    Int: 13    God:
Gold:   142        SH:  0    Dex: 13    Spells: 5/9 levels left

rFire    . . .     SeeInvis +   f - +2 dagger (venom)
rCold    . . .     Faith    .   (no shield)
rNeg     . . .     Spirit   .   e - +0 robe
rPois    +         Reflect  .   n - +0 helmet
rElec    .         Harm     .   (no cloak)
rCorr    .         Rampage  .   (no gloves)
Will     .....                  (no barding)
Stlth    ++........             (no amulet)
HPRegen  0.14/turn              (no ring)
MPRegen  0.11/turn              (no ring)

@: very slow
A: large, see invisible, deformed body, poison resistance, slowness 2, spit
poison 1, AC +1
a: Spit Poison


You were on level 3 of the Dungeon.
You visited 1 branch of the dungeon, and saw 3 of its levels.

You collected 142 gold pieces.

Inventory:

Hand Weapons
 f - a +2 dagger of venom (weapon)
 r - a +2 dagger of protection
Armour
 e - a +0 robe (worn)
 n - a +0 helmet (worn)
Wands
 q - a wand of digging (9)
Scrolls
 a - 3 scrolls of remove curse {unknown}
 d - a scroll of teleportation {unknown}
 g - a scroll of amnesia {unknown}
 h - a scroll of blinking {unknown}
 i - 3 scrolls of identify {unknown}
 l - a scroll of fog {unknown}
 m - 3 scrolls of enchant armour {unknown}
 p - a scroll of enchant weapon {unknown}
Potions
 b - a potion of haste
 c - a potion of curing {unknown}
 j - a potion of cancellation {unknown}
 k - 2 potions of might {unknown}
 o - 2 potions of degeneration {unknown}


   Skills:
 - Level 1.0 Fighting
 - Level 1.0 Staves
 - Level 1.0 Dodging
 - Level 3.0 Stealth
 + Level 2.8 Spellcasting
 - Level 3.0 Hexes
 + Level 3.5 Necromancy
 - Level 2.0 Translocations


You had 5 spell levels left.
You knew the following spells:

 Your Spells              Type           Power        Failure   Level
a - Pain                  Necr           44%          5%          1
b - Vampiric Draining     Necr           5%           16%         3

Your spell library contained the following spells:

 Spells                   Type           Power        Failure   Level


Dungeon Overview and Level Annotations

Branches:
Dungeon (3/15)

Altars:
Sif Muna
Uskayaw


Innate Abilities, Weirdness & Mutations

You cannot wear boots.
Your serpentine skin is tough. (AC +1)
You have supernaturally acute eyesight. (SInv)
Armour fits poorly on your strangely shaped body.
Your system is resistant to poisons. (rPois)
You cover ground very slowly.
You can spit poison.


Message History

The orc priest looks as sick as possible!
The orc priest is moderately wounded.
The orc priest hits you with a +0 dagger.
The orc hits you but does no damage.
Unknown command.
You hit the orc priest.
You kill the orc priest!
The orc hits you with a +0 trident.
You closely miss the orc priest.
The orc priest looks satisfied for a moment.
You closely miss the orc priest. The orc hits you with a +0 trident!
* * * LOW HITPOINT WARNING * * *
The orc priest hits you.
* * * LOW HITPOINT WARNING * * *
You hit the orc priest.
The orc priest is poisoned.
The orc priest is lightly wounded.
The orc barely misses you.
The orc priest invokes the aid of Beogh against you.
Pain shoots through your body!
You die...

#.##.. #####.)
#.#### #......
#.# #...... #.#
#...... #.#
#...... #.#
####... #.#
####...
#.#########
#......
#o@o.(....#
#......
########.##
#......
####'##.#......
#....o..#......
#...o...#.....#
#.......#.....#
#.......#.....#
#.....K.#######
#.......#


You could see an orc priest (very poisoned) and an orc.

Vanquished Creatures
  An orc priest (D:3)
  Terence (D:3)
  2 adders (D:2)
  2 worms (D:2)
  3 dart slugs
  2 leopard geckos (D:2)
  3 orcs
  5 bats
  4 giant cockroaches
  2 goblins (D:1)
  5 hobgoblins
  10 jackals
  A quokka (D:3)
  15 frilled lizards
  8 kobolds
  10 rats
74 creatures vanquished.

Vanquished Creatures (others)
  7 plants (D:2)
7 creatures vanquished.

Grand Total: 81 creatures vanquished

Notes
Turn   | Place    | Note
-------+----------+-------------------------------------------
     0 | D:1      | MajorAdolf the Naga Wanderer began the quest for the Orb.
     0 | D:1      | MajorAdolf set off with the following items: a +2 dagger, a
                  | potion of haste, a +0 quarterstaff, a +0 robe; and the
                  | following spell memorised: Pain; and the following spells
                  | available to memorise: Vampiric Draining
     0 | D:1      | Reached XP level 1. HP: 18/18 MP: 1/1
   195 | D:1      | Reached skill level 1 in Necromancy
   257 | D:1      | Reached XP level 2. HP: 23/25 MP: 3/3
   359 | D:1      | Reached skill level 1 in Spellcasting
  1267 | D:2      | Reached XP level 3. HP: 31/31 MP: 5/5
  1340 | D:2      | Noticed a +0 hand axe
  1340 | D:2      | Noticed a +0 hand axe
  1345 | D:2      | Found a hide-covered altar of Uskayaw.
  2068 | D:2      | Reached XP level 4. HP: 29/38 MP: 5/7
  2536 | D:2      | Found a shimmering blue altar of Sif Muna.
  2967 | D:3      | Noticed Terence
  3791 | D:3      | Killed Terence
  3792 | D:3      | Reached XP level 5. HP: 31/44 MP: 8/8
  3874 | D:3      | Learned a level 3 spell: Vampiric Draining
  4273 | D:3      | HP: 2/44 [orc priest (5)]
  4274 | D:3      | Killed from afar by an orc priest

Illustrated notes

Levels and vault maps discovered:
D:1:      dpeg_arrival_refuge, layout_loops_ring
D:2:      layout_loops_corners, dancing_weapons_uskayaw, lemuel_round_altar,
          hangedman_decor_peaks_small, minmay_lizard_king
D:3:      layout_basic, lemuel_coloured_pillars_altar, uniq_terence

Skill      XL: |  1  2  3  4 |
---------------+-------------+-----
Necromancy     | 1 2 3 |  3.5
Spellcasting   | 1 2 |  2.8
Fighting       | |  1.0
Staves         | |  1.0
Dodging        | |  1.0
Stealth        | |  3.0
Hexes          | |  3.0
Translocations | |  2.0

Action                   |  1- 3 |  4- 6 || total
-------------------------+-------+-------++-------
Melee: Dagger            |    86 |   130 ||   216
 Cast: Pain              |     1 |       ||     1
 Abil: Spit Poison       |     1 |     3 ||     4
 Stab: Sleeping          |     8 |     1 ||     9
Armor: Robe              |    15 |    36 ||    51
Dodge: Dodged            |    27 |    86 ||   113
